 Dungeon Sprint DCSS version 0.17-a0-1382-gc46a074 (webtiles) character file.

12575 Kidiri the Unseen (level 11, -2/69 HPs)
             Began as a Spriggan Enchanter on June 15, 2015.
             Was the Champion of Dithmenos.
             Slain by a blink frog (9 damage)
             ... in the Dungeon (Sprint III: "The Ten Rune Challenge").
             The game lasted 00:17:53 (2676 turns).

Kidiri the Unseen (Spriggan Enchanter)              Turns: 2676, Time: 00:17:53

Health: -2/69      AC:  4    Str:  4      XL:     11   Next: 64%
Magic:  13/26      EV: 31    Int: 18 (19) God:    Dithmenos [******]
Gold:   30         SH:  0    Dex: 18      Spells: 12 memorised, 5 levels left

rFire  . . .     SeeInvis +     a - +1 dagger
rCold  . . .     Clarity  .     b - +1 robe
rNeg   . . .     SustAt   .     (shield restricted)
rPois  .         Gourm    .     (helmet restricted)
rElec  .         Spirit   .     m - +0 cloak {+Inv}
rCorr  .         Warding  .     (gloves unavailable)
rMut   .         NoTele   +     (boots unavailable)
MR     ++...                    (no amulet)
Stlth  +++++++...               (no ring)
                                (no ring)

@: wreathed by umbra, very quick, very resistant to hostile enchantments,
extremely stealthy
A: unfitting armour, see invisible, deterioration 1, herbivore 3, speed 3, low
mp 1, magic resistance 1, robust 2, slow metabolism 2
a: Shadow Step, Shadow Form, Renounce Religion, Evoke Invisibility


You were in the Dungeon.
You worshipped Dithmenos.
Dithmenos was exalted by your worship.
You were not hungry.

You visited 1 branch You collected 30 gold pieces.

Inventory:

Hand weapons
 a - a +1 dagger (weapon)
 l - a +4 quarterstaff of chaos
 z - a +0 blowgun
Missiles
 A - 7 curare-tipped needles
Armour
 b - a +1 robe (worn)
 m - a +0 cloak of invisibility (worn)
Magical devices
 y - a wand of slowing (21)
Scrolls
 j - a scroll of blinking
 k - a scroll of fog {unknown}
 o - 2 scrolls of holy word {unknown}
 q - a scroll of fear {unknown}
 u - a scroll of remove curse {unknown}
Potions
 e - a potion of curing
 f - 2 potions of heal wounds
 g - a potion of haste
 h - 2 potions of magic
 p - 2 potions of berserk rage
 s - a potion of lignification
 t - 2 potions of flight
 w - a potion of cure mutation
 x - a potion of might
Books
 c - a book of Maledictions

   Spells                             Type                      Level
   a - Corona                         Hexes                        1
   b - Ensorcelled Hibernation        Hexes/Ice                    2
   c - Confuse                        Hexes                        3
   d - Tukima's Dance                 Hexes                        3
   e - Dazzling Spray                 Conjuration/Hexes            3
 i - a book of Summonings

   Spells                             Type                      Level
   a - Recall                         Summoning/Translocation      3
   b - Aura of Abjuration             Summoning                    5
   c - Shadow Creatures               Summoning                    5
   d - Summon Demon                   Summoning                    5
   e - Summon Forest                  Summoning/Translocation      5
   f - Summon Mana Viper              Hexes/Summoning              5
 n - a book of Necromancy

   Spells                             Type                      Level
   a - Pain                           Necromancy                   1
   b - Animate Skeleton               Necromancy                   1
   c - Vampiric Draining              Necromancy                   3
   d - Regeneration                   Charms/Necromancy            3
   e - Animate Dead                   Necromancy                   4
   f - Control Undead                 Necromancy                   4
Comestibles
 d - a bread ration
 r - 2 fruits
 v - 25 royal jellies


   Skills:
 + Level 6.4 Fighting
 * Level 11.8 Short Blades
 * Level 15.1 Dodging
 * Level 16.5 Stealth
 * Level 13.1 Spellcasting
 + Level 4.9 Conjurations
 + Level 10.3 Hexes
 + Level 9.2 Charms
 + Level 1.3 Summonings
 + Level 6.1 Necromancy
 + Level 2.7 Translocations
 + Level 6.3 Ice Magic
 + Level 6.4 Invocations
 + Level 9.7 Evocations


You had 5 spell levels left.
You knew the following spells:

 Your Spells              Type           Power        Failure   Level  Hunger
a - Corona                Hex            #####..      1%          1    None
b - Ensorcelled Hibernat  Hex/Ice        #####.       1%          2    None
c - Confuse               Hex            #####...     1%          3    None
d - Tukima's Dance        Hex            #####...     1%          3    None
e - Dazzling Spray        Conj/Hex       #####...     1%          3    None
f - Regeneration          Chrm/Necr      #####.....   1%          3    None
g - Control Undead        Necr           ####......   6%          4    #......
h - Animate Skeleton      Necr           N/A          1%          1    None
i - Pain                  Necr           ####         1%          1    None
j - Vampiric Draining     Necr           ####......   1%          3    None
k - Animate Dead          Necr           N/A          6%          4    #......
l - Recall                Summ/Tloc      N/A          10%         3    None


Dungeon Overview and Level Annotations

Branches:
Dungeon (1/1)

Altars:
Cheibriados
Dithmenos
Elyvilon
Fedhas
Gozag
Kikubaaqudgha
Makhleb
Nemelex Xobeh
Okawaru
Qazlal
Ru
Sif Muna
Trog
Vehumet
Xom
Yredelemnul
Zin
The Shining One
Jiyva
Lugonu


Innate Abilities, Weirdness & Mutations

You are tiny and cannot use many weapons and most armour.
You have supernaturally acute eyesight.
You are a herbivore.
You cover ground extremely quickly.
You need consume almost no food.
Your body sometimes deteriorates upon taking damage.
Your magical capacity is low (-10% MP).
You are resistant to hostile enchantments.
You are very robust (+20% HP).


Message History

Your shadow hits the blink frog with a dagger.
The blink frog completely misses you. x3
You enter the shallow water.
Moving in this stuff is going to be slow.
The blink frog blinks!
The blink frog barely misses you.
The blink frog blinks!
The blink frog misses you.
The blink frog hits your fire drake zombie!
Your fire drake zombie completely misses the blink frog.
The blink frog hits you!
* * * LOW HITPOINT WARNING * * *
You see here a blink frog corpse.
You swap places.
The blink frog completely misses you. The blink frog closely misses you.
The blink frog blinks!
Your fire drake zombie misses the blink frog.
The blink frog completely misses you.
The blink frog hits your fire drake zombie.
The blink frog misses you. The blink frog hits you!
You die...

▓#.....##..###....#.⌠.#__#...#+#
###..##...##.....#...#__#...#..
##..##....#......#'###__#...#.#
#..###..##.#.....#.))#__#...'.#
#..# #..#####....#___#_.+...#.#
▓▓▓▓▓▓▓▓▓▓▓▓▓▓▓▓▓▓▓▓▓▓▓▓▓▓▓▓▓▓▓
+≈≈≈≈≈≈F≈≈♣♣.....♣♣♣♣≈≈≈...
#≈≈.§§§≈ZF♣♣.≈≈≈≈'♣♣'♣≈≈≈≈≈
#≈≈≈≈§§†F§@'.....#%≈♣♣♣♣♣♣♣
#≈≈≈§§§§§§♣♣♣♣♣♣♣#.%♣♣
#≈≈≈≈≈§§§§♣ ###'♣♣♣♣♣♣
####+###### ♣♣♣♣.##..##
♣...##†##.# ♣♣.##.##.##
♣..#.##... ♣♣.##.##.) ♣♣.##.####


You could see 3 blink frogs and a friendly fire drake zombie.

Vanquished Creatures
  Sigmund (D)
  Maud (D)
  Josephine (D)
  A centaur warrior (D)
  An unseen horror (D)
  A lindwurm (D)
  2 spiny frogs (D)
  Edmund (D)
  A komodo dragon (D)
  A deep elf priest (D)
  A fire drake (D)
  A queen bee (D)
  3 wandering mushrooms (D)
  2 blink frogs (D)
  A shadow (D)
  3 redbacks (D)
  A spatial vortex (D)
  A swamp drake (D)
  2 centaurs (D)
  A necrophage (D)
  An earth elemental (D)
  2 brain worms (D)
  A water elemental (D)
  22 killer bees (D)
  Crazy Yiuf (D)
  A jelly (D)
  A wizard (D)
  A necromancer (D)
  3 humans (D)
  A kobold demonologist (D)
  An ooze (D)
  3 rats (D)
65 creatures vanquished.

Vanquished Creatures (collateral kills)
  10 killer bees (D)
10 creatures vanquished.

Vanquished Creatures (others)
  2 draconian scorchers (D)
  Nessos (D)
  2 hydras (D)
  A yaktaur (D)
  2 fire drakes (D)
  An electric eel (D)
  6 plants (D)
15 creatures vanquished.

Grand Total: 90 creatures vanquished

Notes
Turn   | Place    | Note
--------------------------------------------------------------
     0 | D        | Kidiri the Spriggan Enchanter began the quest for the Orb.
     0 | D        | Reached XP level 1. HP: 9/9 MP: 5/5
    44 | D        | Killed a yaktaur
   168 | D        | Killed a white draconian scorcher
   174 | D        | Noticed Crazy Yiuf
   177 | D        | Killed Crazy Yiuf
   177 | D        | Reached skill level 1 in Fighting
   177 | D        | Reached skill level 6 in Stealth
   177 | D        | Reached XP level 2. HP: 12/14 MP: 6/8
   177 | D        | Reached XP level 3. HP: 15/18 MP: 6/9
   191 | D        | Learned a level 2 spell: Ensorcelled Hibernation
   195 | D        | Learned a level 3 spell: Confuse
   199 | D        | Learned a level 3 spell: Tukima's Dance
   255 | D        | Killed a fire drake
   282 | D        | Killed a fire drake
   313 | D        | Killed a white draconian scorcher
   539 | D        | Reached skill level 5 in Dodging
   539 | D        | Reached skill level 1 in Evocations
   555 | D        | Gained mutation: You are robust (+10% HP). [potion of mutation]
   555 | D        | Gained mutation: You are very robust (+20% HP). [potion of mutation]
   556 | D        | Gained mutation: Your magical capacity is low (-10% MP). [potion of mutation]
   556 | D        | Gained mutation: You are resistant to hostile enchantments. [potion of mutation]
   556 | D        | Gained mutation: Your body sometimes deteriorates upon taking damage. [potion of mutation]
   610 | D        | Noticed a water elemental
   613 | D        | Killed a water elemental
   613 | D        | Reached skill level 7 in Stealth
   613 | D        | Reached skill level 5 in Spellcasting
   613 | D        | Reached skill level 1 in Ice Magic
   613 | D        | Reached XP level 4. HP: 27/27 MP: 8/11
   623 | D        | Noticed a jelly
   624 | D        | Noticed a shadow
   659 | D        | Learned a level 3 spell: Dazzling Spray
   677 | D        | Killed a shadow
   677 | D        | Reached skill level 5 in Short Blades
   677 | D        | Reached skill level 9 in Stealth
   677 | D        | Reached skill level 5 in Hexes
   677 | D        | Reached XP level 5. HP: 32/32 MP: 1/13
   787 | D        | Killed a jelly
   787 | D        | Reached XP level 6. HP: 38/38 MP: 12/15
   810 | D        | Found a stormy altar of Qazlal.
   810 | D        | Found a sacrificial altar of Ru.
   810 | D        | Found a burning altar of Makhleb.
   810 | D        | Found a shimmering altar of Xom.
   810 | D        | Noticed a spatial vortex
   811 | D        | Found a viscous altar of Jiyva.
   811 | D        | Found a shadowy altar of Dithmenos.
   811 | D        | Found a sparkling altar of Nemelex Xobeh.
   811 | D        | Found a corrupted altar of Lugonu.
   811 | D        | Found an opulent altar of Gozag.
  1065 | D        | Became a worshipper of Dithmenos the Shadowed
  1089 | D        | Killed a spatial vortex
  1310 | D        | Found a radiant altar of Vehumet.
  1310 | D        | Found a deep blue altar of Sif Muna.
  1310 | D        | Found an ancient bone altar of Kikubaaqudgha.
  1310 | D        | Noticed a wizard
  1312 | D        | Killed a wizard
  1312 | D        | Reached skill level 10 in Stealth
  1327 | D        | Learned a level 3 spell: Regeneration
  1332 | D        | Learned a level 4 spell: Control Undead
  1339 | D        | Found a glowing silver altar of Zin.
  1340 | D        | Found a glowing golden altar of the Shining One.
  1340 | D        | Found a white marble altar of Elyvilon.
  1340 | D        | Noticed a deep elf priest
  1342 | D        | Killed a deep elf priest
  1342 | D        | Reached skill level 1 in Conjurations
  1342 | D        | Reached skill level 1 in Necromancy
  1342 | D        | Reached skill level 1 in Invocations
  1342 | D        | Reached skill level 5 in Evocations
  1342 | D        | Reached XP level 7. HP: 43/43 MP: 18/18
  1349 | D        | Found an iron altar of Okawaru.
  1349 | D        | Found a bloodstained altar of Trog.
  1349 | D        | Noticed a human
  1349 | D        | Noticed a human
  1352 | D        | Killed a human
  1353 | D        | Killed a human
  1353 | D        | Acquired Dithmenos's first power
  1353 | D        | Reached skill level 10 in Dodging
  1353 | D        | Reached skill level 11 in Stealth
  1369 | D        | Found a basalt altar of Yredelemnul.
  1369 | D        | Found a snail-covered altar of Cheibriados.
  1369 | D        | Found a blossoming altar of Fedhas.
  1369 | D        | Noticed a necrophage
  1369 | D        | Noticed a necromancer
  1371 | D        | Killed a necromancer
  1372 | D        | Killed a necrophage
  1372 | D        | Reached XP level 8. HP: 50/50 MP: 20/20
  1392 | D        | Noticed Josephine
  1394 | D        | Killed Josephine
  1394 | D        | Reached skill level 12 in Stealth
  1397 | D        | Learned a level 1 spell: Animate Skeleton
  1399 | D        | Learned a level 1 spell: Pain
  1403 | D        | Learned a level 3 spell: Vampiric Draining
  1408 | D        | Noticed an earth elemental
  1426 | D        | Killed an earth elemental
  1446 | D        | Noticed a centaur
  1446 | D        | Noticed a centaur warrior
  1446 | D        | Noticed a centaur
  1448 | D        | Killed a centaur
  1448 | D        | Reached skill level 10 in Spellcasting
  1450 | D        | Killed a centaur warrior
  1450 | D        | Acquired Dithmenos's second power
  1450 | D        | Reached skill level 5 in Charms
  1450 | D        | Reached XP level 9. HP: 55/55 MP: 20/22
  1451 | D        | Killed a centaur
  1451 | D        | Reached skill level 13 in Stealth
  1469 | D        | Noticed an unseen horror
  1473 | D        | Killed an unseen horror
  1473 | D        | Reached skill level 5 in Fighting
  1485 | D        | Noticed a killer bee
  1485 | D        | Noticed a killer bee
  1485 | D        | Noticed a killer bee
  1485 | D        | Noticed a killer bee
  1485 | D        | Noticed a killer bee
  1485 | D        | Noticed a killer bee
  1485 | D        | Noticed a killer bee
  1485 | D        | Noticed a killer bee
  1485 | D        | Noticed a killer bee
  1485 | D        | Noticed a killer bee
  1485 | D        | Noticed a killer bee
  1485 | D        | Noticed a queen bee
  1485 | D        | Noticed a killer bee
  1485 | D        | Noticed a killer bee
  1485 | D        | Noticed a killer bee
  1485 | D        | Noticed a killer bee
  1487 | D        | Noticed a killer bee
  1487 | D        | Noticed a killer bee
  1487 | D        | Noticed a killer bee
  1488 | D        | Noticed a killer bee
  1488 | D        | Noticed a killer bee
  1488 | D        | Noticed a killer bee
  1488 | D        | Noticed a killer bee
  1489 | D        | Noticed a killer bee
  1489 | D        | Noticed a killer bee
  1490 | D        | Noticed a killer bee
  1492 | D        | Killed a killer bee
  1493 | D        | Noticed a killer bee
  1494 | D        | Noticed a killer bee
  1494 | D        | Killed a killer bee
  1494 | D        | Acquired Dithmenos's third power
  1496 | D        | Noticed a killer bee
  1496 | D        | Killed a killer bee
  1497 | D        | Noticed a killer bee
  1498 | D        | Noticed a killer bee
  1498 | D        | Killed a killer bee
  1500 | D        | Noticed a killer bee
  1502 | D        | Noticed a killer bee
  1502 | D        | Killed a killer bee
  1504 | D        | Killed a killer bee
  1535 | D        | Killed a killer bee
  1535 | D        | Acquired Dithmenos's fourth power
  1542 | D        | Learned a level 4 spell: Animate Dead
  1650 | D        | Killed a killer bee
  1656 | D        | Killed a killer bee
  1659 | D        | Killed a killer bee
  1661 | D        | Killed a killer bee
  1663 | D        | Killed a killer bee
  1669 | D        | Killed a killer bee
  1671 | D        | Killed a killer bee
  1673 | D        | Killed a killer bee
  1675 | D        | Killed a killer bee
  1675 | D        | Reached XP level 10. HP: 61/61 MP: 1/23
  1685 | D        | Killed a killer bee
  1801 | D        | Killed a killer bee
  1808 | D        | Killed a killer bee
  1810 | D        | Killed a killer bee
  1812 | D        | Killed Nessos
  1814 | D        | Killed a killer bee
  1820 | D        | Killed a killer bee
  1827 | D        | Killed a killer bee
  1829 | D        | Killed a killer bee
  1842 | D        | Killed a killer bee
  1842 | D        | Reached skill level 14 in Stealth
  1847 | D        | Killed a killer bee
  1859 | D        | Killed a killer bee
  1870 | D        | Killed a killer bee
  1878 | D        | Killed a killer bee
  1895 | D        | Killed a killer bee
  1917 | D        | Killed a killer bee
  2138 | D        | Killed a queen bee
  2138 | D        | Reached skill level 10 in Short Blades
  2138 | D        | Reached skill level 5 in Ice Magic
  2158 | D        | Killed a killer bee
  2264 | D        | Noticed Sigmund
  2264 | D        | Noticed Edmund
  2266 | D        | Killed Sigmund
  2266 | D        | Reached skill level 15 in Stealth
  2266 | D        | Reached skill level 5 in Necromancy
  2266 | D        | Reached skill level 5 in Invocations
  2266 | D        | Reached XP level 11. HP: 64/67 MP: 16/25
  2275 | D        | Killed Edmund
  2337 | D        | Noticed a wandering mushroom
  2339 | D        | Noticed a wandering mushroom
  2339 | D        | Noticed a wandering mushroom
  2340 | D        | Killed a wandering mushroom
  2342 | D        | Killed a wandering mushroom
  2343 | D        | Killed a wandering mushroom
  2390 | D        | Noticed a spiny frog
  2390 | D        | Noticed a komodo dragon
  2390 | D        | Noticed a spiny frog
  2393 | D        | Killed a komodo dragon
  2395 | D        | Killed a spiny frog
  2396 | D        | Killed a spiny frog
  2412 | D        | Noticed a redback
  2414 | D        | Killed a redback
  2415 | D        | Noticed a brain worm
  2418 | D        | Killed a brain worm
  2427 | D        | Noticed a brain worm
  2429 | D        | Killed a brain worm
  2429 | D        | Reached skill level 16 in Stealth
  2432 | D        | Noticed a lindwurm
  2434 | D        | Noticed a redback
  2435 | D        | Killed a lindwurm
  2435 | D        | Reached skill level 10 in Hexes
  2437 | D        | Killed a redback
  2444 | D        | Learned a level 3 spell: Recall
  2445 | D        | Noticed a redback
  2446 | D        | Killed a redback
  2448 | D        | Noticed Maud
  2450 | D        | Killed Maud
  2450 | D        | Reached skill level 1 in Summonings
  2450 | D        | Reached skill level 1 in Translocations
  2511 | D        | Noticed an electric eel
  2512 | D        | Noticed a four-headed hydra
  2512 | D        | Noticed a six-headed hydra
  2558 | D        | Killed an electric eel
  2567 | D        | Killed a six-headed hydra
  2568 | D        | Killed a four-headed hydra
  2648 | D        | Noticed a swamp drake
  2648 | D        | Noticed a fire drake
  2649 | D        | Killed a fire drake
  2649 | D        | Reached skill level 15 in Dodging
  2651 | D        | Killed a swamp drake
  2657 | D        | Noticed a blink frog
  2657 | D        | Noticed a blink frog
  2657 | D        | Noticed a blink frog
  2657 | D        | Noticed a blink frog
  2658 | D        | Noticed a blink frog
  2659 | D        | Killed a blink frog
  2662 | D        | Killed a blink frog
  2676 | D        | Slain by a blink frog

Vault maps used:
D:        dungeon_sprint_mu

Action                   |  1- 3 |  4- 6 |  7- 9 | 10-12 || total
-------------------------+-------+-------+-------+-------++-------
Melee: Dagger            |    19 |    42 |    57 |    88 ||   206
 Cast: Corona            |     3 |     3 |       |     2 ||     8
       Ensorcelled Hiber |     6 |     2 |    23 |    15 ||    46
       Confuse           |       |     4 |       |       ||     4
       Animate Dead      |       |       |     1 |     7 ||     8
       Dazzling Spray    |       |       |       |     1 ||     1
Invok: Shadow Step       |       |       |       |     5 ||     5
 Abil: Evoke Invisibilit |     1 |       |     1 |     1 ||     3
  Use: Scroll            |     3 |       |       |       ||     3
       Potion            |     2 |     1 |       |       ||     3
 Stab: Sleeping          |     5 |     4 |    25 |    22 ||    56
       Invisible         |       |       |     2 |       ||     2
  Eat: Royal jelly       |       |       |     2 |       ||     2
